 Dungeon Crawl Stone Soup version bcrawl-1.39.1 (webtiles) character file.

Game seed: 13367797385596485792

10990834 Finalfun the Pyromancer (level 18, -8/108 HPs)
             Began as a Fairy Air Elementalist on Sept 20, 2023.
             Was the Champion of Ru.
             Mangled by a crystal guardian (17 damage)
             ... in the Desolation of Salt.
             The game lasted 02:38:10 (35954 turns).

Finalfun the Pyromancer (Fairy Air Elementalist)   Turns: 35954, Time: 02:38:11

Health: -8/108     AC: 17    Str:  9    XL:     18   Next: 37%
Magic:  24/32      EV: 16    Int: 32    God:    Ru [******]
Gold:   1106       SH:  0    Dex:  4    Spells: 5/51 levels left

rFire    + + .     GDR:     14% k - +3 broad axe of Quantum Leap {elec, rF++ MR+ MP-9}
rCold    . . .     SeeInvis .   (shield currently unavailable)
rNeg     . . .     Gourm    +   (armour unavailable)
rPois    +         Faith    .   L - +2 helmet "Qycvelon" {rElec MR++ Dex-5}
rElec    +         Spirit   .   w - +1 cloak
rCorr    .         Reflect  .   O - +1 pair of gloves
MR       +++++                  N - +0 pair of boots
Stlth    ..........             a - amulet of the gourmand
HPRegen  0.28/turn              X - ring of poison resistance
MPRegen  0.23/turn              y - ring of protection from magic

@: confused, mighty, brilliant, exhausted, barbed spikes, flying evasively,
hasted, lightly drained, very quick
A: small, magic attunement, unstealthy, unfitting armour, clumsy 2, weak 1, no
stealth, inability to use devices, hated by all, missing an eye, able to fly,
AC/SH +9
}: 2/15 runes: barnacled, gossamer
a: Stop Flying, Draw Out Power, Power Leap, Apocalypse, Renounce Religion


You were in the Desolation of Salt.
You worshipped Ru.
Ru was exalted by your worship.
You were full.

You visited 7 branches of the dungeon, and saw 27 of its levels.
You also visited: Ossuary, Bailey and Desolation.

You collected 4066 gold pieces.
You spent 2960 gold pieces at shops.

Inventory:

Hand Weapons
 k - the +3 broad axe of Quantum Leap (weapon) {elec, rF++ MR+ MP-9}
   (You found it on level 3 of the Spider Nest)

   Occasionally, upon striking a foe, it will discharge some electrical energy
   and cause terrible harm.
   It greatly protects you from fire.
   It affects your resistance to hostile enchantments.
   It affects your magic capacity (-9).
 M - the +10 trident of Gocuaw {pierce, Int+3 SInv}
   (You found it on level 1 of the Lair of Beasts)

   It will always inflict at least some extra damage.
   This minimum extra damage increases with your current reserve of magical
   power.
   It affects your intelligence (+3).
   It lets you see invisible.
Missiles
 l - 5 throwing nets {=f}
 Q - 1278 poisoned tomahawks (quivered)
Armour
 w - a +1 cloak (worn)
 L - the +2 helmet "Qycvelon" (worn) {rElec MR++ Dex-5}
   (You acquired it in the Orcish Mines)

   It affects your dexterity (-5).
   It insulates you from electricity.
   It affects your resistance to hostile enchantments.
 N - a +0 pair of boots (worn)
 O - a +1 pair of gloves (worn)
Jewellery
 a - an amulet of the gourmand (around neck)
 y - a ring of protection from magic (right hand)
 A - an uncursed ring of positive energy
 R - an uncursed ring of wizardry
 V - an uncursed ring of protection from magic
 X - a ring of poison resistance (left hand)
Scrolls
 d - 13 scrolls of teleportation
 g - 13 scrolls of remove curse
 i - 5 scrolls of identify
 n - 2 scrolls of blinking
 o - 10 scrolls of revelation
 q - 3 scrolls of fog
 t - 7 scrolls of enchant armour
 u - 6 scrolls of amnesia
 C - 3 scrolls of enchant weapon
 D - 3 scrolls of brand weapon
 E - 7 scrolls of immolation
 F - 8 scrolls of fear
 P - 2 scrolls of silence
 T - 2 scrolls of vulnerability
 U - a scroll of noise
Potions
 b - 6 potions of flight
 c - a potion of resistance
 f - 3 potions of magic
 h - 9 potions of curing
 j - 7 potions of brilliance
 m - 3 potions of berserk rage
 r - 5 potions of mutation
 s - 5 potions of ambrosia
 v - 8 potions of might
 x - a potion of haste
 z - 3 potions of lignification
 G - a potion of heal wounds
 H - a potion of agility
 J - 3 potions of cancellation
Comestibles
 e - 39 rations {!d}


   Skills:
 - Level 5.0(4.9) Fighting
 - Level 6.0(5.9) Dodging
 - Level 17.0(16.9) Spellcasting
 - Level 17.7(17.6) Conjurations
 - Level 1.0(0.9) Charms
   Level 3.0(2.9) Summonings
 + Level 8.8(8.7) Translocations
 - Level 22.0(21.9) Fire Magic
 + Level 10.7 Air Magic


You had 5 spell levels left.
You knew the following spells:

 Your Spells              Type           Power        Failure   Level  Hunger
a - Static Discharge      Air            ######       0%          1    None
b - Shock                 Conj/Air       #######      0%          2    None
c - Swiftness             Chrm/Air       ######..     1%          2    None
d - Ignition              Fire           ########..   1%          8    None
e - Lightning Bolt        Conj/Air       #######.     1%          4    None
f - Bolt of Magma         Conj/Fire/Erth #######...   1%          5    None
g - Fireball              Conj/Fire      ########..   0%          5    None
h - Bolt of Fire          Conj/Fire      ########..   1%          6    None
i - Tornado               Tloc/Air       #######...   19%         8    None
j - Silence               Hex/Air        ######....   1%          5    None

Your spell library contained the following spells:

 Spells                   Type           Power        Failure   Level  Hunger
 Flame Tongue             Conj/Fire      #####        0%          1    None
 Magic Dart               Conj           ####         0%          1    None
 Flaming Arrows           Chrm/Fire      #######.     0%          2    None
 Conjure Flame            Conj/Fire      ########     0%          3    None
 Sticky Flame             Conj/Fire      ########     0%          4    None
 Apportation              Tloc           ######       1%          1    None
 Beastly Appendage        Tmut           #####.       1%          1    None
 Corona                   Hex            #####..      1%          1    None
 Necrotize                Necr           #####.       1%          1    None
 Sandblast                Erth           #####.       1%          1    None
 Blink                    Tloc           N/A          1%          2    None
 Passwall                 Tmut/Erth      #####...     1%          2    None
 Shackle                  Hex            #####...     1%          2    None
 Beckoning                Tloc           #######...   1%          3    None
 Confuse                  Hex            #####...     1%          3    None
 Dazzling Orbs            Conj/Hex       #######      1%          3    None
 False Image              Hex/Summ       ######..     1%          3    None
 Ignite Poison            Fire/Tmut/Pois #######.     1%          3    None
 Inner Flame              Hex/Fire       N/A          1%          3    None
 Mephitic Cloud           Conj/Pois/Air  #######.     1%          3    None
 Portal Projectile        Tloc           ######       1%          3    None
 Spider Form              Tmut/Pois      ###          1%          3    None
 Stone Arrow              Conj/Erth      ######       1%          3    None
 Tukima's Dance           Hex            #####...     1%          3    None
 Vampiric Draining        Necr           #####.....   1%          3    None
 Agony                    Necr           #####...     1%          4    None
 Airstrike                Air            #######...   1%          4    None
 Cause Fear               Hex            #####.....   1%          4    None
 Force Lance              Tloc           #######.     1%          4    None
 Ice Form                 Ice/Tmut       #####...     1%          4    None
 Petrify                  Tmut/Erth      #####.....   1%          4    None
 Tree Form                Hex/Tmut       N/A          1%          4    None
 Yara's Violent Unravell  Hex/Tmut       #####.....   1%          4    None
 Irradiate                Conj/Tmut      #######...   1%          5    None
 Steam Barrier            Chrm/Fire      #######...   1%          5    None
 Blade Hands              Tmut           #####.....   4%          5    None
 Dispel Undead            Necr           #####...     4%          5    None
 Lee's Rapid Deconstruct  Erth           #####.....   4%          5    None
 Dispersal                Tloc           #######...   1%          6    None
 Deflect Missiles         Chrm/Air       ######....   2%          6    None
 Controlled Blink         Tloc           #######.     4%          7    None
 Aura of Abjuration       Summ           ######....   8%          6    None
 Invisibility             Hex            #####...     24%         6    None
 Statue Form              Tmut/Erth      #####....    24%         6    None
 Summon Butterflies       Summ           Unusable     N/A         1    N/A
 Call Imp                 Summ           Unusable     N/A         2    N/A
 Sticks to Snakes         Tmut           Unusable     N/A         2    N/A
 Animate Dead             Necr           Unusable     N/A         4    N/A

Dungeon Overview and Level Annotations

Branches:
Dungeon (12/12)            Temple (1/1) D:6            Lair (6/6) D:7
 Shoals (3/3) Lair:4       Spider (3/3) Lair:2        Slime (0/5) Orc
    Orc (1/1) D:8             Elf (1/3) Lair:5       Vaults (0/3) D:12
 Depths (0/5) D:12

Altars:
Ashenzari
Cheibriados
Dithmenos
Elyvilon
Gozag
Kikubaaqudgha
Lugonu
Makhleb
Nemelex Xobeh
Okawaru
Qazlal
Ru
Sif Muna
Trog
Uskayaw
Vehumet
Wu Jian
Xom
Zin
The Shining One

Shops:
D:6 ?   D:7 }!*(   Orc *!(?   Shoals:1 [*}!*

Portals:
Abyss: D:6

Annotations:
D:8 3 runed translucent doors, Verminor's ghost, novice FrEE


Innate Abilities, Weirdness & Mutations

Your spells do not cause hunger and MP costs are reduced by 1.
Your bright wings attract enemies. (Stealth-)
You cannot fit into any form of body armour.
Your shimmering scales are hard and can block incoming attacks. (AC +9, SH +9)
You are small and have problems with some larger weapons.
You are very clumsy. (Dex -4)
You are weak. (Str -2)
You cannot be stealthy.
You cannot study or use magical devices.
You are hated by all.
You are missing an eye, making it more difficult to aim.
You can fly continuously.


Message History

A saltling comes into view.
A ragged hierophant comes into view. It is wielding a +0 long sword.
The ragged hierophant shouts!
The guardian serpent weaves intricate patterns with the tip of its tongue.
The peacekeeper roars a battlecry!
The saltlings go into a battle-frenzy!
You redirect the peacekeeper's attack!
The peacekeeper is stunned by your will and fails to attack.
You redirect the peacekeeper's attack!
The peacekeeper bites the saltling!!
The peacekeeper claws the saltling.
The saltling hits you!
You focus your will and slow the saltling in retribution!
The saltling closely misses you. The saltling hits you!!
* * * LOW HITPOINT WARNING * * *
You focus your will and paralyse the saltling in retribution!
The peacekeeper bites you!!
* * * LOW HITPOINT WARNING * * *
You focus your will and paralyse the peacekeeper in retribution!
The peacekeeper misses you. The crystal guardian hits you!
You die...

..................
§..§§.§.............#..
§S§§§.§................
§§§§§§.................
.§9§§§9................
§§§§9§§...#.†..........
§.§§.§§9.#.............
§§....S99##............
.....99@9......∩.......
.....9999..............
...............∩.......
.......................
.§.#§§§................
.§.§§§§................
p §§§§§................
§§.§§§§§..............


You could see a ragged hierophant, a crystal guardian, 4 peacekeepers, a
guardian serpent and 8 saltlings.

Vanquished Creatures
  A kraken (Shoals:2)
  A sphinx (Shoals:3)
  Kirke (Shoals:2)
  Roxanne (Spider:1)
  Louise (Shoals:1)
  6 ghost moths
  An emperor scorpion (Spider:3)
  An orc warlord (Orc)
  2 entropy weavers
  5 spark wasps
  A halazid warlock (Desolation)
  2 minotaurs (Shoals:3)
  A merfolk javelineer (Shoals:3)
  A ragged hierophant (Desolation)
  Snorg (D:10)
  A merfolk impaler (Shoals:3)
  Josephine (D:10)
  A peacekeeper (Desolation)
  A servant of whispers (Desolation)
  Psyche (D:9)
  4 vault guards (D:12)
  6 ogre magi
  Erica (D:10)
  A merfolk avatar (Shoals:2)
  5 hydras
  3 alligator snapping turtles
  4 merfolk aquamancers
  15 two-headed ogres (Orc)
  15 satyrs
  A death knight (D:12)
  Sonja (Lair:2)
  2 tengu warriors
  7 sea snakes
  Nergalle (D:9)
  A centaur warrior (D:11)
  A fire crab (Lair:5)
  2 unseen horrors
  3 orange crystal statues
  17 wolf spiders
  A cyclops (Shoals:2)
  7 harpies
  An orb spider (shapeshifter) (D:12)
  12 orb spiders
  6 deep elf magi
  16 fauns
  An orc sorcerer (Orc)
  4 ugly things
  12 manticores
  8 merfolk sirens
  2 moths of wrath
  6 water nymphs
  An ice statue (Shoals:1)
  3 elephants (Lair:6)
  3 guardian serpents (Desolation)
  6 black mambas
  A water nymph (shapeshifter) (D:11)
  24 cane toads
  12 jumping spiders
  2 gargoyles (D:12)
  A molten gargoyle (Desolation)
  18 rime drakes
  8 komodo dragons
  11 demonic crawlers
  An efreet (D:12)
  3 tengu conjurers
  20 merfolk
  3 tyrant leeches (Lair:6)
  8 trolls
  3 harpy skeletons
  A polar bear (Lair:2)
  6 hornets
  5 wind drakes
  Grinder (D:4)
  13 saltlings (Desolation)
  13 hippogriffs
  32 blink frogs
  4 snapping turtles
  4 dream sheep
  4 shadows
  Grum (D:9)
  21 tarantellas
  2 vampires
  10 water elementals
  17 yaks
  A wyvern (D:9)
  4 basilisks
  A fire elemental (Lair:3)
  8 hogs
  A human (D:7)
  7 wraiths
  A hungry ghost (D:12)
  Eustachio (D:5)
  4 steam dragons (Lair:5)
  30 redbacks
  7 vampire mosquitoes
  Menkaure (D:7)
  5 crocodiles
  Duvessa (D:4)
  4 water moccasins
  Edmund (D:4)
  9 porcupines
  20 orc warriors
  2 hornet zombies
  A phantom (D:12)
  A black bear (D:7)
  3 necrophages
  5 ice beasts
  A sky beast (D:10)
  10 wolves
  25 ogres
  16 bullfrogs
  4 kobold brigands
  8 centaurs
  A water moccasin zombie (D:9)
  4 scorpions
  Dowan (D:4)
  8 killer bees
  5 electric eels
  15 wights
  A howler monkey (D:7)
  15 orc priests
  3 crimson imps
  A gnoll shaman (D:7)
  8 hounds
  A jelly (D:5)
  13 orc wizards
  2 iguanas
  14 worker ants
  3 mummies (Ossuary)
  A hound zombie (D:4)
  A howler monkey zombie (D:7)
  A worker ant zombie (D:9)
  12 gnolls
  3 howler monkey skeletons
  5 adders
  2 oozes
  2 adder skeletons
  2 worms
  5 dart slugs
  A leopard gecko (D:2)
  56 orcs
  2 bats
  5 giant cockroaches
  15 hobgoblins
  25 jackals
  56 kobolds
  3 quokkas
  14 frilled lizards
  8 goblins
  2 goblin zombies (Ossuary)
  3 hobgoblin zombies (Ossuary)
  A jackal skeleton (D:6)
  3 kobold zombies (Ossuary)
  3 rats
  4 fungi
  3 lurking horrors (D:6)
  29 plants
  4 tentacles (Shoals:2)
1007 creatures vanquished.

Vanquished Creatures (collateral kills)
  A hound (D:4)
1 creature vanquished.

Vanquished Creatures (others)
  A kobold (Bailey)
  31 fungi
  49 plants
81 creatures vanquished.

Grand Total: 1089 creatures vanquished

Notes
Turn   | Place    | Note
-------+----------+-------------------------------------------
     0 | D:1      | Finalfun the Fairy Air Elementalist began the quest for the
                  | Orb.
     0 | D:1      | Reached XP level 1. HP: 11/11 MP: 6/6
    29 | D:1      | Reached XP level 2. HP: 12/17 MP: 7/7
    32 | D:1      | Learned a level 2 spell: Shock
   321 | D:1      | Learned a level 2 spell: Swiftness
   884 | D:1      | Reached XP level 3. HP: 21/21 MP: 7/9
  1566 | D:2      | Reached XP level 4. HP: 27/27 MP: 6/10
  1663 | D:2      | Found a blossoming altar of Fedhas.
  1716 | D:2      | Learned a level 2 spell: Call Imp
  1969 | D:3      | Noticed a necrophage
  1976 | D:3      | Killed a necrophage
  1977 | D:3      | Reached XP level 5. HP: 31/31 MP: 3/11
  2210 | D:3      | Found a shimmering altar of Xom.
  2477 | D:3      | Reached skill level 1 in Fighting
  2628 | D:4      | Reached XP level 6. HP: 39/39 MP: 9/12
  2630 | D:4      | Noticed an ice beast
  2654 | D:4      | Killed an ice beast
  2856 | D:4      | Found a sand-covered staircase.
  2865 | Ossuary  | Entered an ossuary
  2865 | Ossuary  | Noticed a wraith
  2865 | Ossuary  | Noticed a wraith
  2865 | Ossuary  | Noticed a wraith
  2873 | Ossuary  | Learned a level 4 spell: Lightning Bolt
  3412 | Ossuary  | Noticed a wraith
  3436 | Ossuary  | Killed a wraith
  3437 | Ossuary  | Reached skill level 5 in Spellcasting
  3437 | Ossuary  | Reached XP level 7. HP: 34/46 MP: 5/16
  3602 | D:4      | Noticed a hippogriff
  3615 | D:4      | Killed a hippogriff
  3616 | D:4      | Reached skill level 5 in Conjurations
  3616 | D:4      | Reached skill level 5 in Air Magic
  3678 | D:4      | Noticed Grinder
  3687 | D:4      | Paralysed by Grinder for 4 turns
  3691 | D:4      | Killed Grinder
  3692 | D:4      | Reached XP level 8. HP: 52/52 MP: 9/17
  3763 | D:4      | Noticed Dowan
  3767 | D:4      | Noticed Duvessa
  3768 | D:4      | Killed Dowan
  3788 | D:4      | Killed Duvessa
  3788 | D:4      | Noticed Edmund
  3829 | D:4      | Killed Edmund
  4264 | D:4      | Learned a level 3 spell: Conjure Flame
  4585 | D:5      | Entered Level 5 of the Dungeon
  4857 | D:5      | Reached XP level 9. HP: 60/60 MP: 10/20
  4895 | D:5      | Reached skill level 5 in Fighting
  4935 | D:5      | Noticed Eustachio
  4944 | D:5      | Killed Eustachio
  4945 | D:5      | Reached skill level 5 in Dodging
  5672 | D:5      | Reached skill level 1 in Evocations
  5745 | D:5      | Found a glowing golden altar of the Shining One.
  6418 | D:6      | Found a one-way gate to the infinite horrors of the Abyss.
  6420 | D:6      | Found a corrupted altar of Lugonu.
  6896 | D:6      | Found Otriugg's Magic Scroll Boutique.
  6905 | D:6      | Bought a scroll of identify for 30 gold pieces
  6905 | D:6      | Bought a scroll of identify for 30 gold pieces
  6905 | D:6      | Bought a scroll of identify for 30 gold pieces
  6943 | D:6      | Found a staircase to the Ecumenical Temple.
  7441 | D:7      | Found Lafrumes's Gadget Emporium.
  7451 | D:7      | Bought a wand of disintegration (8) for 72 gold pieces
  7600 | D:7      | Found Cuogiun's Distillery.
  7620 | D:7      | Bought a potion of cancellation for 55 gold pieces
  7620 | D:7      | Bought a potion of might for 44 gold pieces
  7680 | D:7      | Reached skill level 1 in Fire Magic
  7755 | D:7      | Reached skill level 2 in Fire Magic
  7755 | D:7      | Reached XP level 10. HP: 66/66 MP: 13/24
  7775 | D:7      | Reached skill level 3 in Fire Magic
  7820 | D:7      | Noticed Menkaure
  7827 | D:7      | Killed Menkaure
  7828 | D:7      | Reached skill level 4 in Fire Magic
  7921 | D:7      | Reached skill level 5 in Evocations
  8038 | Temple   | Entered the Ecumenical Temple
  8210 | Temple   | Became a worshipper of Ru the Awakened
  8272 | D:7      | Found Bykk's General Store.
  8429 | D:7      | Found Raefericoh's Weapon Emporium.
  8514 | D:7      | Found a staircase to the Lair.
  8596 | D:7      | Reached skill level 5 in Fire Magic
  8603 | D:7      | Reached skill level 6 in Fire Magic
  8609 | D:7      | Learned a level 5 spell: Fireball
  9262 | D:8      | Killed an unseen horror
  9263 | D:8      | Reached skill level 10 in Conjurations
  9311 | D:8      | Reached XP level 11. HP: 71/71 MP: 19/25
  9552 | D:8      | Found a staircase to the Orcish Mines.
  9635 | D:8      | Found a runed translucent gate.
  9635 | D:8      | Noticed a nine-headed hydra
  9635 | D:8      | Noticed an 11-headed hydra
  9636 | D:8      | Found a runed translucent gate.
  9636 | D:8      | Noticed Verminor's ghost (novice FrEE)
  9637 | D:8      | Found a runed translucent gate.
  9681 | D:8      | Found a hazy altar of Hepliaklqana.
  9681 | D:8      | Found a faded altar of an unknown god.
  9690 | D:8      | Found a faded altar of an unknown god.
  9696 | D:8      | Found a shadowy altar of Dithmenos.
  9698 | D:8      | Found an iron altar of Okawaru.
 10003 | D:8      | Gained mutation: You cannot be stealthy. [Ru sacrifice]
 10060 | D:9      | Noticed Nergalle
 10065 | D:9      | Killed Nergalle
 10413 | D:9      | Noticed Psyche
 10446 | D:9      | Killed Psyche
 10544 | D:9      | Noticed Grum
 10546 | D:9      | Killed Grum
 11296 | D:10     | Entered Level 10 of the Dungeon
 11334 | D:10     | Noticed Snorg
 11344 | D:10     | Killed Snorg
 11635 | D:10     | Noticed a brown ugly thing
 11635 | D:10     | Noticed a green ugly thing
 11636 | D:10     | Noticed a green ugly thing
 11638 | D:10     | Killed a green ugly thing
 11640 | D:10     | Killed a brown ugly thing
 11641 | D:10     | Reached skill level 15 in Conjurations
 11641 | D:10     | Reached XP level 12. HP: 77/77 MP: 9/26
 11660 | D:10     | Noticed Erica
 11773 | D:10     | Identified a scroll of acquirement
 11780 | D:10     | Noticed Josephine
 11874 | D:10     | Killed Josephine
 12349 | D:10     | Killed Erica
 12529 | D:10     | Gained mutation: You are weak. (Str -2) [Ru sacrifice]
 12529 | D:10     | Reached * piety under Ru
 12771 | D:11     | Noticed a tengu warrior
 12777 | D:11     | Found a flagged portal.
 12784 | Bailey   | Entered a bailey
 13220 | D:11     | Killed a tengu warrior
 13419 | D:11     | Noticed a centaur warrior
 13426 | D:11     | Killed a centaur warrior
 14141 | D:11     | Identified the +7 quick blade of Veoghem {pierce, Int+3
                  | Dex+5} (You acquired it on level 11 of the Dungeon)
 14141 | D:11     | Identified the ring of the Barracuda {+Blink MP+9} (You
                  | acquired it on level 11 of the Dungeon)
 14150 | D:11     | Learned a level 6 spell: Bolt of Fire
 14216 | D:12     | Entered Level 12 of the Dungeon
 14319 | D:12     | Reached skill level 7 in Fire Magic
 14364 | D:12     | Found a shadowy altar of Dithmenos.
 14575 | D:12     | Reached skill level 8 in Fire Magic
 14609 | D:12     | Noticed a tengu warrior
 14612 | D:12     | Killed a tengu warrior
 14613 | D:12     | Reached XP level 13. HP: 81/81 MP: 16/27
 14628 | D:12     | Reached skill level 9 in Fire Magic
 14878 | D:12     | Noticed a fire dragon
 14889 | D:12     | Gained mutation: You are hated by all. [Ru sacrifice]
 14889 | D:12     | Reached ** piety under Ru
 14951 | D:12     | Found a staircase to the Depths.
 15001 | D:12     | Reached skill level 10 in Fire Magic
 15092 | D:12     | Noticed a vault guard
 15095 | D:12     | Killed a vault guard
 15095 | D:12     | Noticed a vault guard
 15197 | D:12     | Killed a vault guard
 15198 | D:12     | Reached skill level 11 in Fire Magic
 15280 | D:12     | Noticed a vault guard
 15286 | D:12     | Killed a vault guard
 15368 | D:12     | Found a gate to the Vaults.
 15551 | D:12     | Noticed a vault guard
 15559 | D:12     | Killed a vault guard
 15560 | D:12     | Reached skill level 12 in Fire Magic
 15816 | Lair:1   | Entered Level 1 of the Lair of Beasts
 15966 | Lair:1   | Got a masterwork trident
 16455 | Lair:1   | Identified the +10 trident of Gocuaw {pierce, Int+3 SInv}
                  | (You found it on level 1 of the Lair of Beasts)
 16918 | Lair:2   | Reached skill level 13 in Fire Magic
 17105 | Lair:2   | Noticed Sonja
 17107 | Lair:2   | Killed Sonja
 17251 | Lair:2   | Gained mutation: You are clumsy. (Dex -2) [Ru sacrifice]
 17251 | Lair:2   | Reached *** piety under Ru
 17461 | Lair:2   | Found a hole to the Spider Nest.
 18067 | Lair:3   | Reached skill level 14 in Fire Magic
 18316 | Lair:3   | Reached XP level 14. HP: 88/88 MP: 11/28
 18933 | Lair:4   | Found a staircase to the Shoals.
 19001 | Lair:4   | Reached skill level 15 in Fire Magic
 19160 | Lair:4   | Gained mutation: You are very clumsy. (Dex -4) [Ru
                  | sacrifice]
 20162 | Lair:5   | Reached skill level 16 in Fire Magic
 20739 | Lair:5   | Reached skill level 17 in Fire Magic
 20853 | Lair:5   | Found a staircase to the Elven Halls.
 21143 | Lair:5   | Learned a level 8 spell: Ignition
 21154 | Lair:6   | Entered Level 6 of the Lair of Beasts
 21769 | Lair:6   | Reached skill level 18 in Fire Magic
 22090 | Lair:6   | Reached XP level 15. HP: 92/92 MP: 1/29
 22824 | Lair:6   | Reached skill level 19 in Fire Magic
 23307 | Orc      | Entered the Orcish Mines
 23398 | Orc      | Noticed an orc warlord
 23472 | Orc      | Killed an orc warlord
 23847 | Orc      | Reached skill level 20 in Fire Magic
 24213 | Orc      | Found Ittaficw's Weapon Shoppe.
 24213 | Orc      | Found Wesidak's Assorted Antiques.
 24213 | Orc      | Found Igiyposyst's Magic Scroll Boutique.
 24213 | Orc      | Found Zyizauq's Distillery.
 24308 | Orc      | Reached skill level 10 in Spellcasting
 24341 | Orc      | Bought a scroll of acquirement for 1560 gold pieces
 24341 | Orc      | Bought a hardcover book for 450 gold pieces
 24341 | Orc      | Identified the +2 helmet "Qycvelon" {rElec MR++ Dex-5} (You
                  | acquired it in the Orcish Mines)
 24341 | Orc      | Identified the ring of Ytyuzic {Ice +Inv} (You acquired it
                  | in the Orcish Mines)
 24438 | Orc      | Found a roughly hewn altar of Beogh.
 24542 | Orc      | Found a viscous altar of Jiyva.
 24553 | Orc      | Found a staircase to the Slime Pits.
 24882 | Spider:1 | Entered Level 1 of the Spider Nest
 25431 | Spider:1 | Noticed Roxanne
 25439 | Spider:1 | Learned a level 5 spell: Bolt of Magma
 25613 | Spider:1 | Killed Roxanne
 25675 | Spider:1 | Identified Roxanne's Grimoire of Transformation (You took
                  | it off Roxanne on level 1 of the Spider Nest)
 25983 | Spider:1 | Reached XP level 16. HP: 98/98 MP: 18/34
 26839 | Spider:2 | Gained mutation: You cannot study or use magical devices.
                  | [Ru sacrifice]
 26839 | Spider:2 | Reached **** piety under Ru
 26839 | Spider:2 | Reached ***** piety under Ru
 27685 | Spider:3 | Entered Level 3 of the Spider Nest
 28760 | Spider:3 | Reached skill level 15 in Spellcasting
 28886 | Spider:3 | Reached skill level 21 in Fire Magic
 29225 | Spider:3 | Got a gossamer rune of Zot
 29475 | Spider:3 | Identified the +3 broad axe of Quantum Leap {elec, rF++ MR+
                  | MP-9}
 29486 | Spider:3 | Gained mutation: You are missing an eye, making it more
                  | difficult to aim. [Ru sacrifice]
 29486 | Spider:3 | Reached ****** piety under Ru
 29749 | Lair:2   | Learned a level 8 spell: Tornado
 29790 | Shoals:1 | Entered Level 1 of the Shoals
 29850 | Shoals:1 | Reached XP level 17. HP: 103/103 MP: 22/38
 30020 | Shoals:1 | Noticed Louise
 30026 | Shoals:1 | Found Ycruechi's Distillery.
 30205 | Shoals:1 | Found Seuheuqe's Gadget Boutique.
 30609 | Shoals:1 | Bought a potion of lignification for 39 gold pieces
 30609 | Shoals:1 | Bought a potion of curing for 32 gold pieces
 30609 | Shoals:1 | Bought a potion of curing for 32 gold pieces
 30609 | Shoals:1 | Bought a potion of haste for 130 gold pieces
 30609 | Shoals:1 | Bought 2 potions of heal wounds for 130 gold pieces
 30609 | Shoals:1 | Bought a potion of cancellation for 65 gold pieces
 30609 | Shoals:1 | Bought a potion of might for 52 gold pieces
 30609 | Shoals:1 | Bought a potion of heal wounds for 65 gold pieces
 31022 | Shoals:1 | Found Qolutz's Assorted Antiques.
 31031 | Shoals:1 | Bought a scroll of revelation for 144 gold pieces
 31048 | Shoals:1 | Killed Louise
 31188 | Shoals:1 | Found Luimn's Assorted Antiques.
 31368 | Shoals:1 | Found Oclazxebb's Antique Armour Boutique.
 31504 | Shoals:2 | Noticed Kirke
 31555 | Shoals:2 | Killed Kirke
 31849 | Shoals:2 | Noticed a kraken
 31857 | Shoals:2 | Killed a kraken
 32804 | Shoals:3 | Entered Level 3 of the Shoals
 33080 | Shoals:3 | Reached skill level 5 in Translocations
 33836 | Shoals:3 | Noticed a sphinx
 33840 | Shoals:3 | Killed a sphinx
 34096 | Shoals:3 | Reached XP level 18. HP: 89/108 MP: 13/41
 34102 | Shoals:3 | Learned a level 5 spell: Silence
 34403 | Shoals:3 | Reached skill level 22 in Fire Magic
 34528 | Shoals:3 | Identified the +6 bardiche "Kuogox" {chop, rF++ rN+}
 34622 | Shoals:3 | HP: 4/108 [satyr/sling bullet (15)]
 35026 | Shoals:3 | Got a barnacled rune of Zot
 35035 | Shoals:3 | Identified the +1 plate armour "Toeserr" {rC+}
 35566 | Elf:1    | Entered Level 1 of the Elven Halls
 35581 | Elf:1    | Reached skill level 10 in Air Magic
 35779 | Elf:1    | Found a crumbling gateway.
 35781 | Elf:1    | Found a white marble altar of Elyvilon.
 35781 | Elf:1    | Found a glowing silver altar of Zin.
 35782 | Elf:1    | Found a glowing golden altar of the Shining One.
 35787 | Desolati | Entered the Desolation of Salt
 35954 | Desolati | Mangled by a crystal guardian

Skill      XL: |  1  2  3  4  5  6  7  8  9 10 11 12 13 14 15 16 17 18 |
---------------+-------------------------------------------------------+-----
Dodging        | 3 6 |  6.0
Spellcasting   | 3 5 6 8 12 15 17 | 17.0
Air Magic      | 4 6 7 8 9 10 | 10.7
Stealth        | 2 0 |  0.0
Conjurations   | 2 3 4 6 7 8 10 15 17 | 17.7
Summonings     | 3 |  3.0
Fighting       | 2 3 4 5 |  5.0
Evocations     | 4 5 0 |  0.0
Fire Magic     | 2 6 8 14 18 20 21 22 | 22.0
Translocations | 7 8 |  8.8
Charms         | |  1.0

Action                   |  1- 3 |  4- 6 |  7- 9 | 10-12 | 13-15 | 16-18 || total
-------------------------+-------+-------+-------+-------+-------+-------++-------
Melee: Unarmed           |       |     2 |       |       |       |       ||     2
       Dagger            |       |       |     3 |    22 |     1 |       ||    26
       Trident           |       |       |       |       |     4 |     4 ||     8
       Broad axe         |       |       |       |       |       |    18 ||    18
Throw: Tomahawk          |       |       |       |       |       |     3 ||     3
 Cast: Static Discharge  |    14 |    37 |    26 |    26 |    13 |    18 ||   134
       Shock             |    76 |    78 |   233 |   259 |   209 |    86 ||   941
       Call Imp          |       |     8 |     3 |     2 |       |       ||    13
       Lightning Bolt    |       |       |    45 |   134 |    33 |     6 ||   218
       Fireball          |       |       |       |    44 |    15 |     1 ||    60
       Bolt of Fire      |       |       |       |     3 |   298 |   333 ||   634
       Bolt of Magma     |       |       |       |       |    24 |    18 ||    42
       Ignition          |       |       |       |       |     9 |    64 ||    73
Invok: Sacrifice Stealth |       |       |       |     1 |       |       ||     1
       Sacrifice Purity  |       |       |       |     1 |     2 |       ||     3
       Sacrifice Love    |       |       |       |       |     1 |       ||     1
       Draw Out Power    |       |       |       |       |     2 |     8 ||    10
       Reject Sacrifices |       |       |       |       |     1 |       ||     1
       Sacrifice Artific |       |       |       |       |       |     1 ||     1
       Sacrifice an Eye  |       |       |       |       |       |     1 ||     1
       Power Leap        |       |       |       |       |       |     3 ||     3
  Use: Scroll            |     2 |     5 |    11 |     8 |    10 |     8 ||    44
       Potion            |       |       |     2 |     2 |     3 |    17 ||    24
 Stab: Distracted        |       |     1 |       |       |       |       ||     1
  Eat: Chunk             |     3 |     5 |     8 |    19 |    32 |    34 ||   101
       Ration            |       |     1 |     2 |     3 |     5 |     5 ||    16
Armor: Skin              |     3 |     8 |    19 |    39 |    25 |    97 ||   191
Dodge: Dodged            |     9 |    33 |    65 |   181 |    89 |   190 ||   567
Block: Other             |       |     8 |    27 |    67 |    50 |   112 ||   264
